 Dungeon Crawl Stone Soup version 0.29.1-1-gd02db6906a (webtiles) character file.

Game seed: 4861751231898336258

1497 Senryu the Charlatan (level 8, -1/54 (63) HPs)
             Began as a Red Draconian Artificer on Oct 2, 2022.
             Was a Follower of the Shining One.
             Slain by a wight
             ... wielding a +0 spear
              (7 damage)
             ... on level 6 of the Dungeon.
             The game lasted 00:32:53 (5803 turns).

Senryu the Charlatan (Red Draconian Artificer)      Turns: 5803, Time: 00:32:53

HP:   -1/54 (63)    AC:  6    Str: 17 (18) XL:     8   Next: 51%
MP:   11/11         EV: 12    Int: 12      God:    the Shining One [*.....]
Gold: 96            SH:  4    Dex: 12      Spells: 4/11 levels left

rFire   + + +      SeeInvis .   f - +1 club (spect)
rCold   + + +      Faith    .   e - +0 buckler
rNeg    . . .      Spirit   .   (body armour unavailable)
rPois   +          Reflect  .   (helmet restricted)
rElec   +          Harm     .   b - scarf {rC+ rF+}
rCorr   +          Rampage  .   (no gloves)
Will    .....                   (no boots)
Stlth   +.........              (no amulet)
HPRegen 0.18/turn               y - ring of poison resistance
MPRegen 0.12/turn               (no ring)

@: brilliant, short of breath, resistant, on berserk cooldown, slowed, glowing,
heavily drained, very slow
A: breathe fire, AC +6, unfitting armour, fire resistance 1, cold-blooded, cold
resistance 1, deterioration 1, sense surroundings 1, strong 1
a: Breathe Fire, Renounce Religion, Divine Shield


You were on level 6 of the Dungeon.
You worshipped the Shining One.
The Shining One was aware of your devotion.
You visited 1 branch of the dungeon, and saw 6 of its levels.
You also visited: Ossuary.

You collected 286 gold pieces.
You spent 190 gold pieces at shops.

Inventory:

Hand Weapons
 a - a +0 sling
 f - a +1 spectral club (weapon)
Missiles
 j - 2 javelins (quivered)
 B - 2 boomerangs
Armour
 b - a scarf of resistance (worn)
 e - a +0 buckler (worn)
Jewellery
 i - a +4 ring of evasion
 x - a ring of flight
 y - a ring of poison resistance (left hand)
Wands
 c - a wand of charming (11)
 D - a wand of quicksilver (8)
 F - a wand of flame (15)
 H - a wand of mindburst (11)
Scrolls
 d - a scroll of fear
 g - a scroll of amnesia
 m - 4 scrolls of blinking {unknown}
 o - a scroll of silence
 p - 4 scrolls of teleportation
 q - a scroll of torment
 t - a scroll of immolation
 G - a scroll of enchant armour {unknown}
Potions
 h - 5 potions of curing {unknown}
 k - a potion of attraction
 l - 2 potions of berserk rage
 r - a potion of might {unknown}
 s - a potion of haste {unknown}
 u - a potion of ambrosia {unknown}
 v - a potion of cancellation {unknown}
 w - a potion of heal wounds {unknown}
 z - a potion of brilliance
 A - a potion of resistance
 C - a potion of flight {unknown}


   Skills:
 * Level 3.2 Fighting
 * Level 2.7 Maces & Flails
 * Level 4.3 Ranged Weapons
 * Level 1.6 Throwing
 * Level 3.9 Dodging
 * Level 2.8 Stealth
 * Level 2.6 Shields
 * Level 2.0 Spellcasting
 * Level 1.4 Conjurations
 * Level 1.5 Hexes
 * Level 1.1 Ice Magic
 * Level 1.5 Invocations
 * Level 4.7 Evocations


You had 4 spell levels left.
You knew the following spells:

 Your Spells              Type           Power      Damage    Failure   Level
a - Tukima's Dance        Hex            7%         N/A       50%         3
b - Ensorcelled Hibernat  Hex/Ice        12%        N/A       32%         2
c - Searing Ray           Conj           14%        2d5       30%         2

Your spell library contained the following spells:

 Spells                   Type           Power      Damage    Failure   Level
 Magic Dart               Conj           28%        1d4       21%         1
 Passwall                 Tmut/Erth      0%         N/A       47%         2
 Swiftness                Air            1%         N/A       71%         3
 Fulminant Prism          Conj/Hex       3%         3d6       89%         4
 Airstrike                Air            0%         2d(1-17)  98%         4
 Passage of Golubria      Tloc           1%         N/A       98%         4
 Summon Lightning Spire   Summ/Air       1%         N/A       98%         4
 Lightning Bolt           Conj/Air       2%         1d13      100%        5
 Yara's Violent Unravell  Hex/Tmut       2%         3d3       100%        5


Dungeon Overview and Level Annotations

Branches:
Dungeon (6/15)             Temple (0/1) D:6         Ossuary (visited)

Altars:
Elyvilon
Nemelex Xobeh
Qazlal
Wu Jian
The Shining One

Shops:
D:5 ***


Innate Abilities, Weirdness & Mutations

You can breathe blasts of fire.
Your fiery red scales are hard. (AC +6)
You cannot fit into any form of body armour.
Your flesh is heat resistant. (rF+)
You are cold-blooded and may be slowed by cold attacks.
Your flesh is cold resistant. (rC+)
Your body sometimes deteriorates upon taking damage.
You passively map a small area around you.
Your muscles are strong. (Str +4, Int/Dex -1)


Message History

The wight drains your orc wizard.
Your orc wizard points at the wight and mumbles some strange words.
The wight appears confused.
The wight shoots a sling bullet.
The sling bullet hits your orc wizard!
Your orc wizard dies!
Your orc wizard's corpse dissolves into shadows!
It was a potion of berserk rage.
A red film seems to cover your vision as you go berserk!
You feel yourself moving faster!
You feel mighty!
Your orc dissolves into shadows!
The wight unwields a +0 vorpal sling.
The wight wields a +3 dire flail of freezing.
It glows with a cold blue light!
The wight completely misses something.
You feel a strong urge to attack something.
Your orc hits the wight with a +0 dagger.
You feel your anger nearly subside.
You are no longer berserk.
You are exhausted.
You feel yourself slow down.
It was a potion of brilliance.
You feel clever all of a sudden.
The wight unwields a +3 dire flail of freezing.
The wight wields a +0 vorpal sling.
The wight shoots a sling bullet.
The sling bullet hits you.
* * * LOW HITPOINT WARNING * * *
x2 Your orc hits the wight with a +0 dagger.
The wight shoots a sling bullet.
The sling bullet hits your orc.
Your orc dies!
Your orc's corpse dissolves into shadows!
You hit the wight.
The wight is moderately damaged.
Your +1 spectral club hits the wight but does no damage.
The wight seems less confused.
You block the wight's attack. The wight barely misses you.
The wight shoots a sling bullet.
The sling bullet hits you.
* * * LOW HITPOINT WARNING * * *
x2 It was a potion of resistance.
You feel protected. The wight hits you with a +0 spear!
You die...

.. #......#..... .
##.....z#...* .,
#....... .. * . *
*#..<..#,.#* . . *
#..##.#### .
....##.)..##>.## .
..........z#...##* # .
.....#####)..ยง..##.##
., ..... ##.z@...#..#
.........#####.........#
.........#........#....#
.............##.....#.##
...........####....####
.......###......>...###
.........#.##.........#
.....................##
..................####


You could see 2 wights.

Vanquished Creatures
  Sigmund (D:3)
  Eustachio (D:6)
  An ice beast (D:5)
  A black bear (D:5)
  2 phantoms (D:4)
  A kobold brigand (D:6)
  A bullfrog (D:6)
  2 scorpions (D:6)
  2 wights (D:6)
  A centaur zombie (Ossuary)
  3 jellies (D:6)
  A human zombie (Ossuary)
  2 iguanas (D:5)
  An orc wizard (D:6)
  3 mummies (Ossuary)
  Robin (D:2)
  A gnoll (D:4)
  3 adders
  2 white imps (D:6)
  An ufetubus (D:4)
  3 worms
  5 dart slugs
  6 orcs
  3 ball pythons
  8 endoplasms
  3 giant cockroaches
  2 gnoll zombies (Ossuary)
  8 goblins
  9 hobgoblins
  5 jackals (D:1)
  5 quokkas
  7 bats
  2 frilled lizards
  A goblin zombie (Ossuary)
  A hobgoblin zombie (Ossuary)
  8 kobolds
  2 orc zombies (Ossuary)
  5 rats
114 creatures vanquished.

Vanquished Creatures (collateral kills)
  A wight (D:6)
  Jessica (D:2)
  A goblin (D:1)
  A jackal (D:1)
4 creatures vanquished.

Vanquished Creatures (others)
  An endoplasm (D:1)
1 creature vanquished.

Grand Total: 119 creatures vanquished

Notes
Turn   | Place    | Note
-------+----------+-------------------------------------------
     0 | D:1      | Senryu the Draconian Artificer began the quest for the Orb.
     0 | D:1      | Reached XP level 1. HP: 16/16 MP: 1/1
    68 | D:1      | Found a faded altar of an unknown god.
   116 | D:1      | Reached XP level 2. HP: 11/23 MP: 2/2
   373 | D:2      | Noticed Robin
   376 | D:2      | Reached skill level 1 in Stealth
   377 | D:2      | Killed Robin
   378 | D:2      | Reached XP level 3. HP: 25/28 MP: 3/3
   383 | D:2      | Noticed Jessica
   395 | D:2      | Killed Jessica
   624 | D:2      | Reached XP level 4. HP: 33/35 MP: 4/4
   776 | D:4      | Noticed a phantom
   790 | D:4      | Killed a phantom
   791 | D:4      | Reached skill level 1 in Maces & Flails
   791 | D:4      | Reached skill level 1 in Ranged Weapons
   791 | D:4      | Reached skill level 1 in Shields
   791 | D:4      | Reached XP level 5. HP: 33/41 MP: 5/5
   844 | D:4      | Found a sand-covered staircase.
   863 | Ossuary  | Entered an ossuary
  1400 | Ossuary  | Gained mutation: Your tail ends in a venomous barb. [potion
                  | of mutation]
  1400 | Ossuary  | Lost mutation: Your tail ends in a venomous barb. [potion
                  | of mutation]
  1401 | Ossuary  | Gained mutation: You are robust. (+10% HP) [potion of
                  | mutation]
  1401 | Ossuary  | Gained mutation: You passively map a small area around you.
                  | [potion of mutation]
  1401 | Ossuary  | Gained mutation: You are agile. (Dex +4, Str/Int -1)
                  | [potion of mutation]
  1402 | Ossuary  | Lost mutation: You are agile. (Dex +4, Str/Int -1) [potion
                  | of mutation]
  1402 | Ossuary  | Lost mutation: You are robust. (+10% HP) [potion of
                  | mutation]
  1402 | Ossuary  | Gained mutation: Your flesh is cold resistant. (rC+)
                  | [potion of mutation]
  1402 | Ossuary  | Gained mutation: Your body sometimes deteriorates upon
                  | taking damage. [potion of mutation]
  1402 | Ossuary  | Gained mutation: Your muscles are strong. (Str +4, Int/Dex
                  | -1) [potion of mutation]
  1502 | D:4      | Reached XP level 6. HP: 30/48 MP: 7/7
  1805 | D:4      | Reached skill level 1 in Spellcasting
  1817 | D:4      | Learned a level 3 spell: Tukima's Dance
  1957 | D:3      | Noticed Sigmund
  1963 | D:3      | Killed Sigmund
  1964 | D:3      | Your scales start taking on a fiery red colour.
  1964 | D:3      | Reached XP level 7. HP: 46/56 MP: 8/8
  1964 | D:3      | Gained mutation: Your flesh is heat resistant. (rF+) [Red
                  | Draconian growth]
  2249 | D:3      | Learned a level 2 spell: Ensorcelled Hibernation
  2388 | D:3      | Found a glowing golden altar of the Shining One.
  2396 | D:3      | Became a worshipper of the Shining One
  3091 | D:1      | Learned a level 2 spell: Searing Ray
  3532 | D:5      | Entered Level 5 of the Dungeon
  3670 | D:5      | Found a sparkling altar of Nemelex Xobeh.
  3675 | D:5      | Found an ornate altar of the Wu Jian Council.
  3802 | D:5      | Found a stormy altar of Qazlal.
  3807 | D:5      | Found a white marble altar of Elyvilon.
  4106 | D:5      | Found Duaklil's Specific Store.
  4111 | D:5      | Found Hesiagh's General Store.
  4125 | D:5      | Bought a wand of flame (17) for 142 gold pieces
  4125 | D:5      | Bought a scroll of identify for 24 gold pieces
  4125 | D:5      | Bought a scroll of identify for 24 gold pieces
  4223 | D:5      | Found Qiyritaq's Assorted Antiques.
  4238 | D:5      | Reached skill level 1 in Hexes
  4480 | D:5      | Reached skill level 1 in Throwing
  5125 | D:6      | Reached skill level 1 in Conjurations
  5125 | D:6      | Reached skill level 1 in Invocations
  5125 | D:6      | Reached XP level 8. HP: 62/62 MP: 10/10
  5216 | D:6      | Noticed Eustachio
  5227 | D:6      | Killed Eustachio
  5228 | D:6      | Reached skill level 1 in Ice Magic
  5329 | D:6      | Found a staircase to the Ecumenical Temple.
  5354 | D:6      | Reached * piety under the Shining One
  5803 | D:6      | Slain by a wight

Illustrated notes

Levels and vault maps discovered:
D:1:      spicycebolla_arrival_xxxplode, layout_basic,
          shapermc_ecumenical_altar_acropolis
D:2:      layout_rooms, kennysheep_cluttered_room, uniq_jessica, uniq_robin
D:3:      layout_rooms, mainiacjoe_overflow_alcove_1, roderic_lattice_a,
          uniq_sigmund
D:4:      layout_basic, nicolae_ossuary_entry_ruins,
          hangedman_abyss_or_decor_slice
D:5:      layout_loops_corners, nicolae_overflow_hidden_temple, serial_shops,
          nicolae_shop_crystal, nicolae_specific_store
D:6:      layout_cave_pools, minmay_temple_entry_enclosed_plants,
          uniq_eustachio, uniq_blork_the_orc

Skill      XL: |  1  2  3  4  5  6  7  8 |
---------------+-------------------------+-----
Stealth        | 1 2 |  2.8
Maces & Flails | 1 2 |  2.7
Ranged Weapons | 1 2 3 4 |  4.3
Dodging        | 3 |  3.9
Shields        | 1 2 |  2.6
Evocations     | 4 |  4.7
Fighting       | 2 3 |  3.2
Spellcasting   | 1 2 |  2.0
Hexes          | 1 |  1.5
Throwing       | 1 |  1.6
Conjurations   | 1 |  1.4
Invocations    | 1 |  1.5
Ice Magic      | 1 |  1.1

Action                   |  1- 3 |  4- 6 |  7- 9 || total
-------------------------+-------+-------+-------++-------
Melee: Club              |    42 |    69 |    55 ||   166
       Tailslap          |     8 |     9 |     7 ||    24
 Fire: Sling             |    16 |    15 |    76 ||   107
Throw: Javelin           |       |     1 |     1 ||     2
 Abil: Breathe Fire      |       |       |    28 ||    28
Evoke: Wand              |    12 |    12 |     4 ||    28
  Use: Scroll            |     2 |     4 |     8 ||    14
       Potion            |       |     3 |     3 ||     6
 Stab: Sleeping          |     1 |       |       ||     1
Armor: Skin              |    25 |    25 |    20 ||    70
Dodge: Dodged            |    52 |    52 |    55 ||   159
Block: Buckler           |     7 |    16 |    14 ||    37
